 Dungeon Crawl Stone Soup version 0.18.1-8-gdd0e5ea (webtiles) character file.

88 jacquesderrida the Poker (level 4, 0/33 HPs)
             Began as a Demonspawn Skald on May 21, 2016.
             Was an Initiate of Ashenzari.
             Slain by a worker ant (7 damage)
             ... on level 3 of the Dungeon.
             The game lasted 00:04:31 (694 turns).

jacquesderrida the Poker (Demonspawn Skald)          Turns: 694, Time: 00:04:32

Health: 0/33       AC:  8    Str: 12    XL:     4   Next: 29%
Magic:  2/7        EV: 11    Int: 13    God:    Ashenzari [......]
Gold:   62         SH:  0    Dex: 13    Spells: 2 memorised, 3 levels left

rFire  . . .     SeeInvis .     a - +0 spear
rCold  . . .     Gourm    .     b - +0 leather armour
rNeg   . . .     Faith    .     (no shield)
rPois  .         Spirit   .     (no helmet)
rElec  .         Dismiss  .     (no cloak)
rCorr  .         Reflect  .     h - +0 pair of gloves
SustAt .         Harm     .     (no boots)
MR     .....                    (no amulet)
Stlth  +.........               (no ring)
                                (no ring)

@: lethally poisoned (0 -> -2), infused, not resistant to hostile enchantments,
very unstealthy
A: claws 1, rough black scales 1
a: Curse Item, Renounce Religion


You were on level 3 of the Dungeon.
You worshipped Ashenzari.
Ashenzari was noncommittal.
You were not hungry.

You visited 1 branch of the dungeon, and saw 3 of its levels.

You collected 62 gold pieces.

Inventory:

Hand Weapons
 a - a +0 spear (weapon)
Missiles
 n - a throwing net (quivered)
Armour
 b - a +0 leather armour (worn)
 h - a +0 pair of gloves (worn)
Scrolls
 e - 3 scrolls of remove curse
 i - 2 scrolls of identify {unknown}
 k - a scroll of random uselessness {unknown}
 l - a scroll of recharging
Books
 c - a book of Battle

   Spells                             Type                      Level
   a - Infusion                       Charms                       1
   b - Shroud of Golubria             Charms/Translocation         2
   c - Song of Slaying                Charms                       2
   d - Spectral Weapon                Hexes/Charms                 3
   e - Regeneration                   Charms/Necromancy            3
Comestibles
 d - 2 bread rations
 f - a royal jelly
 g - 2 meat rations
 j - a beef jerky
 m - 5 chunks of flesh


   Skills:
 - Level 2.0 Fighting
 + Level 4.0 Polearms
 - Level 0.8 Armour
 - Level 0.8 Dodging
 - Level 2.0 Spellcasting
 - Level 2.6 Charms
 + Level 1.0 Necromancy


You had 3 spell levels left.
You knew the following spells:

 Your Spells              Type           Power        Failure   Level  Hunger
a - Infusion              Chrm           #...         12%         1    ##.....
b - Regeneration          Chrm/Necr      #.........   54%         3    ####...


Dungeon Overview and Level Annotations

Branches:
Dungeon (3/15)

Altars:
Ashenzari


Innate Abilities, Weirdness & Mutations

You have sharp fingernails.
You are partially covered in rough black scales (AC +4, Dex -1).


Message History

The worker ant barely misses you.
You hit the worker ant.
The worker ant is heavily wounded.
The worker ant closely misses you.
You hit the worker ant but do no damage.
The worker ant is moderately wounded.
The worker ant bites you but does no damage.
The worker ant barely misses you.
Casting: Infusion
Confirm with . or Enter, or press ? or * to list all spells.
You begin infusing your attacks with magical energy.
You feel sick. The worker ant bites you.
* * * LOW HITPOINT WARNING * * *
You hit the worker ant.
The worker ant is heavily wounded.
The worker ant barely misses you.
You hit the worker ant.
The worker ant is severely wounded.
The worker ant bites you!
You die...

#####...######.#
#.÷††..o.......#
#.##.o..##(#####
#.##.#o###.# #.##.#.#
#.#######
.#######.##.#o#
#.#......
.....a......#.#
#.#.#####
########a####.###.#.#
#@...#.##....#
#.........#..#
#....####...##
#.###.####.## #.#
#......# # #.#
#.###### # ##...##
#.# #.#


You could see a worker ant.

Vanquished Creatures
  An orc priest (D:3)
  An orc wizard (D:2)
  2 dart slugs (D:1)
  5 orcs
  A giant cockroach (D:1)
  3 goblins (D:2)
  4 hobgoblins
  2 kobolds
  A bat (D:1)
  2 giant newts
  2 rats (D:1)
24 creatures vanquished.

Notes
Turn   | Place    | Note
--------------------------------------------------------------
     0 | D:1      | jacquesderrida the Demonspawn Skald began the quest for the Orb.
     0 | D:1      | Reached XP level 1. HP: 16/16 MP: 3/3
    18 | D:1      | Reached skill level 2 in Polearms
   106 | D:1      | Found a shattered altar of Ashenzari.
   107 | D:1      | O ZBS
   112 | D:1      | Became a worshipper of Ashenzari the Shackled
   164 | D:2      | Gained mutation: You are partially covered in rough black scales (AC +4, Dex -1). [demonic ancestry]
   164 | D:2      | Reached XP level 2. HP: 19/22 MP: 5/5
   446 | D:2      | Reached skill level 3 in Polearms
   519 | D:2      | Gained mutation: You have sharp fingernails. [demonic ancestry]
   519 | D:2      | Reached XP level 3. HP: 13/27 MP: 1/6
   636 | D:3      | Learned a level 3 spell: Regeneration
   647 | D:3      | Reached skill level 4 in Polearms
   647 | D:3      | Reached skill level 1 in Necromancy
   647 | D:3      | Reached XP level 4. HP: 15/33 MP: 0/7
   694 | D:3      | Slain by a worker ant

Skill      XL: |  1  2  3 |
---------------+----------+-----
Polearms       | 2 3 4 |  4.0
Necromancy     | 1 |  1.0
Fighting       | |  2.0
Armour         | |  0.8
Dodging        | |  0.8
Spellcasting   | |  2.0
Charms         | |  2.6

Action                   |  1- 3 |  4- 6 || total
-------------------------+-------+-------++-------
Melee: Spear             |   102 |    13 ||   115
 Cast: Infusion          |     3 |     1 ||     4
  Use: Scroll            |     2 |       ||     2
       Potion            |     1 |       ||     1
 Stab: Distracted        |     1 |       ||     1
Armor: Leather armour    |    19 |     4 ||    23
Dodge: Dodged            |    49 |     7 ||    56
